Map: Altitude LE

Players

A.I. 1 (Very Easy)

  • Race: Protoss Protoss
  • Spawn Location: 1:00

SpaceMeatpod - Winner!

  • Race: Zerg Zerg
  • League: Diamond
  • Spawn Location: 7:00

VOD

Have the link to the VOD?

Description

Time

  • Played on: July 4, 2023, 10:06 a.m.
  • Length: 4:59
Show
View Real Time Build Order
Export as new Build Order

A.I. 1 (Very Easy) Protoss 

Build Orders:  

Get SALT Encoding   

  12  0:00  Probe  
  13  0:13  Probe  
  14  0:21  Pylon  
  14  0:42  Gateway  
  14  0:47  Pylon  
  14  0:52  Assimilator  
  14  1:02  Probe  
  14  1:11  Probe  
  16  1:19  Probe  
  17  1:29  Zealot  
  17  1:31  Probe  
  17  1:32  Assimilator  
  20  1:34  Cybernetics Core  
  20  1:43  Probe  
  21  1:55  Probe  
  21  2:00  Warp Gate  
  22  2:13  Stalker  
  24  2:49  Probe  
  24  2:51  Pylon  
  25  2:53  Robotics Facility  
  25  3:01  Probe  
  26  3:13  Probe  
  26  3:17  Pylon  
  27  3:25  Probe  
  28  3:31  Zealot  
  30  3:37  Probe  
  32  3:41  Observer  
  32  3:49  Probe  
  33  4:00  Observer  
  34  4:08  Stalker  
  36  4:15  Pylon  
  28  4:34  Pylon  
  22  4:43  Probe  
Show
View Real Time Build Order
Export as new Build Order

SpaceMeatpod Zerg - Winner!

Build Orders: Hatch First 

Get SALT Encoding   

  12  0:00  Drone  
  13  0:08  Drone  
  13  0:13  Extractor  
  13  0:14  Drone  
  13  0:21  Extractor, Drone  
  16  0:42  Hatchery  
  15  0:50  Overlord  
  15  1:05  Spawning Pool  
  15  1:08  Drone  
  15  1:12  Drone  
  15  1:16  Drone  
  17  1:21  Drone  
  18  1:31  Drone  
  19  1:42  Drone  
  20  1:51  Queen  
  22  1:54  Zergling x2  
  22  1:55  Queen  
  22  1:56  Zergling x2  
  26  2:02  Drone  
  26  2:05  Extractor  
  26  2:09  Extractor, Drone  
  26  2:12  Roach Warren  
  26  2:13  Drone  
  26  2:16  Drone  
  27  2:23  Drone  
  28  2:34  Overlord x2  
  28  2:53  Roach x3  
  28  2:56  Roach  
  36  3:03  Roach  
  38  3:06  Roach  
  38  3:07  Overlord  
  40  3:14  Zergling x6  
  44  3:20  Zergling x2  
  44  3:27  Zergling x6  
  44  3:32  Zergling x2  
  48  3:37  Overlord  
  48  3:39  Zergling x2  
  48  3:40  Zergling x2  
  50  3:46  Ravager  
  51  3:49  Zergling x2  
  51  3:52  Overlord  
  52  3:56  Zergling x4  
  52  4:01  Zergling x4  
  54  4:13  Zergling x8  
  57  4:31  Roach x4  
  63  4:32  Zergling x2  
Tags
 
League
Diamond
Matchup
PvZ
Spawn Locations
Cross Positions
Add a new tag
Caveats
  • Supply blocks, unpowered buildings, or Contaminate may cause inaccurate times.
  • Supply counts are checked every 10 seconds.